 Dungeon Crawl Stone Soup version 0.31-b1-22-gc680215f68 (webtiles) character file.

Game seed: 12826401493694834768

98 HakonGodeson the Covered (level 4, -1/52 HPs)
             Began as a Human Fighter on Jan 18, 2024.
             Slain by a gnoll
             ... wielding a +0 spear
              (5 damage)
             ... on level 3 of the Dungeon.
             The game lasted 00:04:12 (644 turns).

HakonGodeson the Covered (Human Fighter)             Turns: 644, Time: 00:04:12

Health: -1/52      AC: 22    Str: 16    XL:     4   Next: 69%
Magic:  0/4        EV:  2    Int: 10    God:
Gold:   74         SH:  4    Dex: 13    Spells: 3/3 levels left

rFire   . . .        a - +0 war axe
rCold   . . .        c - +0 buckler
rNeg    . . .        b - melded +0 scale mail
rPois   +            (helmet currently unavailable)
rElec   .            (cloak currently unavailable)
rCorr   .            (gloves currently unavailable)
SInv    .            (boots currently unavailable)
Will    .....        e - amulet of guardian spirit
Stlth   ++           (no ring)
HPRegen 0.28/turn    (no ring)
MPRegen 0.09/turn

%: guardian spirit
@: tree-form, attractive
A: stationary, stasis, torment immunity, boosted hp, explore regen, (iridescent
scales 1), mutation resistance 1
a: no special abilities


You were on level 3 of the Dungeon.
You were a tree.
You visited 1 branch of the dungeon, and saw 3 of its levels.

You collected 74 gold pieces.

Inventory:

Hand Weapons
 a - a +0 war axe (weapon)
Missiles
 g - 2 boomerangs (quivered)
Armour
 b - a +0 scale mail (melded)
 c - a +0 buckler (worn)
Jewellery
 e - an amulet of guardian spirit (around neck)
Scrolls
 h - a scroll of vulnerability
Potions
 d - a potion of might
 i - a potion of attraction


   Skills:
 * Level 3.4 Fighting
 * Level 3.1 Axes
 * Level 0.3 Throwing
 * Level 3.5 Armour
 * Level 0.7 Dodging
 * Level 0.9 Stealth
 * Level 3.3 Shields


You had 3 spell levels left.
You didn't know any spells.
Your spell library was empty.

Dungeon Overview and Level Annotations

Branches:
Dungeon (3/15)

Altars:


Innate Abilities, Weirdness & Mutations

You are a tree.
Your roots penetrate the ground, keeping you stationary.
You cannot be teleported.
You are immune to unholy pain and torment.
Your maximum health is greatly increased.
Your equipment is partially melded.
You regain HP and MP as you explore.
((You are partially covered in iridescent scales. (AC +2)))
You are somewhat resistant to further mutation.


Message History

* * * LOW HITPOINT WARNING * * *
Unknown command.
You closely miss the quokka.
The quokka is moderately wounded.
You closely miss something.
Your enlightenment fades.
You block the quokka's attack. You block something's attack.
The gnoll barely misses you.
The quokka bites you but does no damage.
You cannot move.
You cannot move.
You cannot move.
You cannot move.
You completely miss the quokka.
The quokka is moderately wounded.
You closely miss something. You block the gnoll's attack.
You hear some strange, mumbled words.
Something tries to affect you, but you resist.
The quokka bites you but does no damage.
You hear some strange, mumbled words.
You are confused.
The gnoll hits you but does no damage.
You slash the quokka!
You kill the quokka!
You completely miss something. Something hits you but does no damage.
The gnoll hits you but does no damage.
You attack the rock wall.
Something hits you.
* * * LOW HITPOINT WARNING * * *
The gnoll hits you but does no damage.
You attack the rock wall.
The gnoll hits you from afar with a +0 spear.
* * * LOW HITPOINT WARNING * * *
Something hits you.
* * * LOW HITPOINT WARNING * * *
The gnoll hits you but does no damage. Something hits you but does no damage.
Unknown command.
You completely miss something.
You feel less confused.
The gnoll hits you from afar with a +0 spear.
You die...

##..# #..<# ###
#...## #.. #..o#
...... #.# #..#.
..... #.# ###.. .
.... #.###..!.. o.
#..#####†)go..## ..
#......♣{# ...
##########..###)###
#.....#.....###.#
...[..........).#
.........>....###
.......<.......###
........).........
..........)...###..
..........)...# #


You could see a gnoll and an orc.

Vanquished Creatures
  Robin (D:2)
  3 gnolls (D:3)
  An adder (D:3)
  3 orcs
  3 bats
  3 endoplasms
  17 goblins
  A hobgoblin (D:2)
  3 quokkas
  4 ball pythons
  2 frilled lizards (D:1)
  2 rats (D:1)
43 creatures vanquished.

Notes
Turn   | Place    | Note
-------+----------+-------------------------------------------
     0 | D:1      | HakonGodeson the Human Fighter began the quest for the Orb.
     0 | D:1      | Reached XP level 1. HP: 18/18 MP: 1/1
   176 | D:1      | Reached XP level 2. HP: 24/24 MP: 2/2
   359 | D:2      | Noticed Robin
   439 | D:2      | Reached XP level 3. HP: 29/29 MP: 3/3
   454 | D:2      | Killed Robin
   569 | D:3      | Reached XP level 4. HP: 26/35 MP: 4/4
   632 | D:3      | Gained mutation: You possess an exceptional clarity of
                  | mind. [potion of mutation]
   632 | D:3      | Gained mutation: Potions are less effective at restoring
                  | your health. [potion of mutation]
   632 | D:3      | Gained mutation: You are dopey. (Int -2) [potion of
                  | mutation]
   633 | D:3      | Lost mutation: Potions are less effective at restoring your
                  | health. [potion of mutation]
   633 | D:3      | Lost mutation: You are dopey. (Int -2) [potion of mutation]
   633 | D:3      | Lost mutation: You possess an exceptional clarity of mind.
                  | [potion of mutation]
   633 | D:3      | Gained mutation: You are partially covered in iridescent
                  | scales. (AC +2) [potion of mutation]
   633 | D:3      | Gained mutation: You are somewhat resistant to further
                  | mutation. [potion of mutation]
   644 | D:3      | Slain by a gnoll

Illustrated notes

Levels and vault maps discovered:
D:1:      dpeg_arrival_three_smaller_balls, layout_rooms, st_stairs_7,
          serial_park_tiny_pond, minmay_pentomino_x2
D:2:      layout_basic, uniq_robin
D:3:      layout_rooms

Skill      XL: |  1  2  3  4 |
---------------+-------------+-----
Axes           | 3 |  3.1
Fighting       | |  3.4
Throwing       | |  0.3
Armour         | |  3.5
Dodging        | |  0.7
Stealth        | |  0.9
Shields        | |  3.3

Action                     |  1- 3 |  4- 6 || total
---------------------------+-------+-------++-------
  Melee: War axe           |    83 |    29 ||   112
  Throw: Boomerang         |       |     4 ||     4
    Use: Scroll            |     5 |       ||     5
         Potion            |       |     5 ||     5
 Armour: Scale mail        |    91 |    24 ||   115
         Skin              |       |    26 ||    26
  Dodge: Dodged            |    54 |    15 ||    69
  Block: Buckler           |    22 |    15 ||    37
